[ PARTIDA AOE2 · #484033608 ]
UnrankedBritanos vs Ethiopians
[ ANÁLISIS DE REPETICIÓN · EXTRAÍDO DE LA PARTIDA GRABADA ]
Feudal
10:24
Castillos
—
Imperial
—
| APM promedio | 45.3 |
| APM pico | 97 |
| eAPM promedio | 11.8 |
| Aldeanos / militares | 32 / 18 |
Foco
⚔️ 24.7% · 🌾 75.3%
Archer ×17 · Spearman ×1
Feudal
7:55
Castillos
—
Imperial
—
| APM promedio | 32.9 |
| APM pico | 73 |
| eAPM promedio | 14.5 |
| Aldeanos / militares | 39 / 8 |
Foco
⚔️ 23.2% · 🌾 76.8%
Scout Cavalry ×8
Feudal
12:50
Castillos
—
Imperial
—
| APM promedio | 26.4 |
| APM pico | 58 |
| eAPM promedio | 9.7 |
| Aldeanos / militares | 32 / 11 |
Foco
⚔️ 15.7% · 🌾 84.3%
Archer ×6 · Spearman ×4 · Skirmisher ×1
Feudal
9:57
Castillos
—
Imperial
—
| APM promedio | 58.6 |
| APM pico | 93 |
| eAPM promedio | 19.5 |
| Aldeanos / militares | 40 / 9 |
Foco
⚔️ 14.0% · 🌾 86.0%
Archer ×9
Feudal
9:16
Castillos
—
Imperial
—
| APM promedio | 47.4 |
| APM pico | 83 |
| eAPM promedio | 17.1 |
| Aldeanos / militares | 44 / 14 |
Foco
⚔️ 30.6% · 🌾 69.4%
Scout Cavalry ×14
Feudal
12:48
Castillos
—
Imperial
—
| APM promedio | 27.3 |
| APM pico | 70 |
| eAPM promedio | 11.1 |
| Aldeanos / militares | 36 / 0 |
Foco
⚔️ 9.4% · 🌾 90.6%
Feudal
12:04
Castillos
14:50
Imperial
—
| APM promedio | 16.5 |
| APM pico | 46 |
| eAPM promedio | 6.2 |
| Aldeanos / militares | 43 / 0 |
Foco
⚔️ 4.2% · 🌾 95.8%
Feudal
9:38
Castillos
14:43
Imperial
—
| APM promedio | 29.5 |
| APM pico | 66 |
| eAPM promedio | 14.4 |
| Aldeanos / militares | 37 / 0 |
Foco
⚔️ 22.9% · 🌾 77.1%
Mapa de la partida
Recursos iniciales + cada clic de construcción. Líneas = muros · curvas = relieve. ◆ oro · ⬟ piedra · ● bayas · ✦ reliquia · ◌ hueco del cierre
Tu base· Abierta — flanco sin cerrar
Base de DevilRunner· Abierta — flanco sin cerrar
Base de Ilum | Kavu· Abierta — flanco sin cerrar
Base de Dinospunker· Abierta — flanco sin cerrar
Base de cgan13289· Abierta — hueco de 9t
Base de 马大帅· Abierta — flanco sin cerrar
Base de 人老手不慢· ✓ Cerrada en 14:50 · 0t muro · sin puerta
Base de aWin· Abierta — flanco sin cerrar
Terreno inicial suavizado · ◌ = hueco del cierre detectado · pasá el cursor para detalles
Inputs por minuto
— JU ju Ju - - DevilRunner
Build order — JU ju Ju
80 acciones detectadas en el replay
| 0:00 | Crear | Villager (Male) |
| 0:01 | Crear | Villager (Male) |
| 0:01 | Crear | Villager (Male) |
| 0:03 | Construir | House |
| 0:05 | Construir | House |
| 0:26 | Crear | Villager (Male) |
| 1:23 | Crear | Villager (Male) |
| 1:23 | Crear | Villager (Male) |
| 2:04 | Crear | Villager (Male) |
| 2:13 | Crear | Villager (Male) |
| 2:36 | Construir | House |
| 2:38 | Construir | House |
| 2:49 | Crear | Villager (Male) |
| 2:49 | Crear | Villager (Male) |
| 3:15 | Crear | Villager (Male) |
| 3:15 | Crear | Villager (Male) |
| 3:39 | Crear | Villager (Male) |
| 3:46 | Construir | Mill |
| 3:49 | Crear | Villager (Male) |
| 4:41 | Crear | Villager (Male) |
| 5:00 | Crear | Villager (Male) |
| 5:00 | Crear | Villager (Male) |
| 5:44 | Construir | Lumber Camp |
| 6:32 | Construir | Mill |
| 6:49 | Construir | House |
| 6:51 | Construir | Palisade Wall |
| 6:59 | Crear | Villager (Male) |
| 6:59 | Crear | Villager (Male) |
| 7:03 | Investigar | Loom |
| 7:58 | Investigar | Feudal Age |
| 8:27 | Construir | Mining Camp |
| 8:56 | Construir | Palisade Gate |
| 9:02 | Construir | Barracks |
| 10:04 | Crear | Villager (Male) |
| 10:04 | Crear | Villager (Male) |
| 10:24 | Edad | Edad Feudal |
| 10:29 | Construir | Archery Range |
| 10:48 | Crear | Villager (Male) |
| 11:10 | Construir | House |
| 11:17 | Crear | Archer |
| 11:22 | Crear | Villager (Male) |
| 11:35 | Construir | Palisade Gate |
| 11:43 | Crear | Archer |
| 11:44 | Crear | Archer |
| 11:50 | Crear | Spearman |
| 11:53 | Construir | House |
| 11:55 | Construir | House |
| 12:10 | Crear | Archer |
| 12:14 | Crear | Villager (Male) |
| 12:32 | Construir | Palisade Wall |
| 12:39 | Crear | Archer |
| 13:00 | Construir | Archery Range |
| 13:02 | Construir | Palisade Wall |
| 13:11 | Crear | Archer |
| 13:12 | Crear | Villager (Male) |
| 13:13 | Crear | Villager (Male) |
| 13:25 | Crear | Archer |
| 13:25 | Crear | Archer |
| 13:56 | Crear | Archer |
| 13:57 | Crear | Archer |
| 13:57 | Crear | Villager (Male) |
| 13:58 | Crear | Villager (Male) |
| 14:22 | Crear | Archer |
| 15:06 | Construir | House |
| 15:08 | Crear | Villager (Male) |
| 15:09 | Crear | Villager (Male) |
| 15:12 | Construir | Lumber Camp |
| 15:55 | Crear | Archer |
| 15:55 | Crear | Archer |
| 16:02 | Construir | Blacksmith |
| 16:04 | Construir | House |
| 16:39 | Crear | Archer |
| 16:40 | Crear | Archer |
| 16:46 | Construir | House |
| 16:52 | Construir | House |
| 16:55 | Crear | Archer |
| 16:55 | Crear | Archer |
| 17:12 | Crear | Villager (Male) |
| 17:12 | Crear | Villager (Male) |
| 17:15 | Investigar | Gold Mining |
Build order — DevilRunner
84 acciones detectadas en el replay
| 0:01 | Crear | Villager (Male) |
| 0:01 | Crear | Villager (Male) |
| 0:01 | Crear | Villager (Male) |
| 0:02 | Crear | Villager (Male) |
| 0:02 | Crear | Villager (Male) |
| 0:02 | Crear | Villager (Male) |
| 0:03 | Construir | House |
| 0:04 | Construir | House |
| 1:32 | Crear | Villager (Male) |
| 1:33 | Crear | Villager (Male) |
| 2:08 | Construir | Lumber Camp |
| 2:21 | Crear | Villager (Male) |
| 2:21 | Crear | Villager (Male) |
| 2:21 | Crear | Villager (Male) |
| 2:39 | Crear | Villager (Male) |
| 2:40 | Crear | Villager (Male) |
| 2:54 | Crear | Villager (Male) |
| 2:54 | Crear | Villager (Male) |
| 3:02 | Crear | Villager (Male) |
| 3:18 | Crear | Villager (Male) |
| 3:42 | Construir | House |
| 3:49 | Crear | Villager (Male) |
| 3:50 | Crear | Villager (Male) |
| 3:59 | Crear | Villager (Male) |
| 3:59 | Crear | Villager (Male) |
| 4:25 | Investigar | Loom |
| 5:09 | Construir | Mill |
| 5:45 | Investigar | Feudal Age |
| 5:45 | Investigar | Feudal Age |
| 6:41 | Construir | House |
| 7:27 | Construir | Barracks |
| 7:37 | Crear | Villager (Male) |
| 7:55 | Edad | Edad Feudal |
| 8:18 | Crear | Villager (Male) |
| 8:31 | Construir | Stable |
| 8:46 | Crear | Villager (Male) |
| 9:10 | Crear | Villager (Male) |
| 9:12 | Crear | Scout Cavalry |
| 9:13 | Crear | Scout Cavalry |
| 9:13 | Crear | Scout Cavalry |
| 9:15 | Construir | House |
| 9:29 | Crear | Scout Cavalry |
| 9:52 | Crear | Villager (Male) |
| 9:53 | Crear | Villager (Male) |
| 9:57 | Construir | House |
| 9:58 | Construir | House |
| 10:24 | Construir | Farm |
| 10:25 | Crear | Villager (Male) |
| 10:31 | Construir | House |
| 10:44 | Construir | Farm |
| 10:58 | Crear | Scout Cavalry |
| 11:11 | Construir | Farm |
| 11:35 | Construir | House |
| 11:48 | Crear | Villager (Male) |
| 12:06 | Crear | Scout Cavalry |
| 12:09 | Construir | House |
| 12:17 | Construir | Farm |
| 12:19 | Crear | Villager (Male) |
| 12:39 | Crear | Scout Cavalry |
| 12:46 | Construir | Farm |
| 12:47 | Construir | Farm |
| 12:49 | Construir | Farm |
| 12:57 | Construir | Farm |
| 13:04 | Construir | Farm |
| 13:08 | Construir | Farm |
| 13:10 | Construir | House |
| 13:12 | Construir | Farm |
| 13:13 | Crear | Villager (Male) |
| 13:27 | Construir | Farm |
| 14:22 | Construir | Farm |
| 14:24 | Crear | Villager (Male) |
| 14:24 | Crear | Villager (Male) |
| 14:25 | Crear | Villager (Male) |
| 14:34 | Crear | Scout Cavalry |
| 14:41 | Construir | Blacksmith |
| 14:53 | Construir | Farm |
| 14:54 | Crear | Villager (Male) |
| 15:40 | Construir | Mining Camp |
| 15:49 | Crear | Villager (Male) |
| 16:17 | Crear | Villager (Male) |
| 16:37 | Construir | House |
| 16:50 | Crear | Villager (Male) |
| 16:50 | Crear | Villager (Male) |
| 16:51 | Investigar | Wheelbarrow |
Build order — Ilum | Kavu
68 acciones detectadas en el replay
| 0:01 | Crear | Villager (Male) |
| 0:02 | Crear | Villager (Male) |
| 0:02 | Crear | Villager (Male) |
| 0:02 | Crear | Villager (Male) |
| 0:05 | Construir | House |
| 0:08 | Construir | House |
| 1:45 | Crear | Villager (Male) |
| 1:45 | Crear | Villager (Male) |
| 1:54 | Construir | Lumber Camp |
| 2:14 | Crear | Villager (Male) |
| 2:14 | Crear | Villager (Male) |
| 2:39 | Investigar | Loom |
| 2:39 | Crear | Villager (Male) |
| 3:13 | Crear | Villager (Male) |
| 3:13 | Crear | Villager (Male) |
| 3:35 | Crear | Villager (Male) |
| 4:08 | Construir | House |
| 4:12 | Construir | House |
| 4:15 | Construir | Palisade Wall |
| 4:19 | Crear | Villager (Male) |
| 4:19 | Crear | Villager (Male) |
| 5:05 | Crear | Villager (Male) |
| 5:35 | Crear | Villager (Male) |
| 5:35 | Crear | Villager (Male) |
| 5:53 | Construir | Palisade Wall |
| 6:01 | Construir | House |
| 6:07 | Crear | Villager (Male) |
| 6:07 | Crear | Villager (Male) |
| 6:42 | Construir | Mining Camp |
| 6:45 | Crear | Villager (Male) |
| 7:17 | Construir | Palisade Wall |
| 7:42 | Construir | Mill |
| 7:58 | Construir | Mill |
| 8:08 | Crear | Villager (Male) |
| 8:52 | Construir | House |
| 9:00 | Crear | Villager (Male) |
| 9:00 | Crear | Villager (Male) |
| 9:28 | Crear | Villager (Male) |
| 9:39 | Construir | Lumber Camp |
| 9:46 | Crear | Villager (Male) |
| 10:10 | Construir | Palisade Wall |
| 10:19 | Construir | Palisade Gate |
| 10:30 | Investigar | Feudal Age |
| 11:04 | Crear | Villager (Male) |
| 11:04 | Crear | Villager (Male) |
| 11:38 | Construir | Barracks |
| 12:10 | Crear | Villager (Male) |
| 12:25 | Crear | Villager (Male) |
| 12:50 | Edad | Edad Feudal |
| 12:52 | Construir | Archery Range |
| 12:54 | Crear | Villager (Male) |
| 13:02 | Crear | Spearman |
| 13:03 | Crear | Spearman |
| 13:19 | Investigar | Double-Bit Axe |
| 13:35 | Construir | Farm |
| 13:40 | Construir | Farm |
| 13:57 | Crear | Archer |
| 13:58 | Crear | Archer |
| 14:31 | Crear | Archer |
| 15:07 | Crear | Spearman |
| 15:08 | Crear | Spearman |
| 15:32 | Crear | Archer |
| 15:33 | Crear | Skirmisher |
| 15:58 | Crear | Villager (Male) |
| 15:58 | Crear | Villager (Male) |
| 16:19 | Construir | Lumber Camp |
| 16:24 | Crear | Archer |
| 16:24 | Crear | Archer |
Build order — Dinospunker
86 acciones detectadas en el replay
| 0:00 | Crear | Villager (Male) |
| 0:01 | Crear | Villager (Male) |
| 0:01 | Crear | Villager (Male) |
| 0:02 | Construir | House |
| 0:03 | Construir | House |
| 0:12 | Crear | Villager (Male) |
| 0:13 | Crear | Villager (Male) |
| 1:29 | Crear | Villager (Male) |
| 1:30 | Crear | Villager (Male) |
| 1:57 | Construir | Lumber Camp |
| 2:07 | Crear | Villager (Male) |
| 2:08 | Crear | Villager (Male) |
| 2:27 | Crear | Villager (Male) |
| 2:27 | Crear | Villager (Male) |
| 2:52 | Crear | Villager (Male) |
| 2:52 | Crear | Villager (Male) |
| 3:09 | Crear | Villager (Male) |
| 3:09 | Crear | Villager (Male) |
| 3:28 | Construir | House |
| 3:43 | Crear | Villager (Male) |
| 3:43 | Crear | Villager (Male) |
| 4:07 | Construir | Mill |
| 4:17 | Crear | Villager (Male) |
| 4:47 | Crear | Villager (Male) |
| 4:48 | Crear | Villager (Male) |
| 5:24 | Crear | Villager (Male) |
| 5:38 | Crear | Villager (Male) |
| 5:43 | Crear | Villager (Male) |
| 6:13 | Construir | Mining Camp |
| 6:23 | Construir | Palisade Wall |
| 6:28 | Construir | House |
| 6:30 | Construir | House |
| 6:34 | Crear | Villager (Male) |
| 6:41 | Crear | Villager (Male) |
| 7:04 | Investigar | Loom |
| 7:40 | Construir | Palisade Wall |
| 7:47 | Investigar | Feudal Age |
| 8:23 | Construir | Palisade Gate |
| 8:36 | Construir | Palisade Wall |
| 9:00 | Construir | Barracks |
| 9:06 | Construir | House |
| 9:17 | Crear | Villager (Male) |
| 9:57 | Edad | Edad Feudal |
| 10:01 | Investigar | Double-Bit Axe |
| 10:03 | Crear | Villager (Male) |
| 10:31 | Construir | Archery Range |
| 10:35 | Crear | Villager (Male) |
| 11:05 | Crear | Villager (Male) |
| 11:16 | Crear | Villager (Male) |
| 11:16 | Crear | Villager (Male) |
| 11:23 | Crear | Archer |
| 11:23 | Crear | Archer |
| 11:40 | Construir | Blacksmith |
| 11:43 | Construir | House |
| 11:55 | Construir | Mill |
| 12:01 | Crear | Villager (Male) |
| 12:16 | Crear | Archer |
| 12:31 | Investigar | Fletching |
| 12:38 | Construir | House |
| 12:39 | Construir | House |
| 12:44 | Crear | Villager (Male) |
| 13:05 | Crear | Archer |
| 13:05 | Crear | Archer |
| 13:18 | Crear | Villager (Male) |
| 13:18 | Crear | Villager (Male) |
| 13:21 | Construir | Farm |
| 13:23 | Construir | Farm |
| 14:13 | Construir | Palisade Wall |
| 14:23 | Crear | Archer |
| 14:23 | Crear | Archer |
| 15:14 | Construir | Palisade Wall |
| 15:31 | Crear | Archer |
| 15:36 | Construir | Palisade Wall |
| 15:44 | Crear | Villager (Male) |
| 15:44 | Crear | Villager (Male) |
| 15:47 | Construir | Farm |
| 15:47 | Construir | Farm |
| 15:52 | Crear | Archer |
| 16:05 | Construir | House |
| 16:35 | Crear | Villager (Male) |
| 16:35 | Crear | Villager (Male) |
| 17:05 | Crear | Villager (Male) |
| 17:09 | Construir | Farm |
| 17:09 | Construir | Farm |
| 17:09 | Construir | Farm |
| 17:10 | Construir | Farm |
Build order — cgan13289
94 acciones detectadas en el replay
| 0:01 | Crear | Villager (Male) |
| 0:01 | Crear | Villager (Male) |
| 0:02 | Construir | House |
| 0:03 | Construir | House |
| 0:26 | Crear | Villager (Male) |
| 0:26 | Crear | Villager (Male) |
| 1:31 | Crear | Villager (Male) |
| 1:31 | Crear | Villager (Male) |
| 2:01 | Crear | Villager (Male) |
| 2:01 | Crear | Villager (Male) |
| 2:02 | Crear | Villager (Male) |
| 2:17 | Crear | Villager (Male) |
| 2:17 | Crear | Villager (Male) |
| 2:18 | Crear | Villager (Male) |
| 2:45 | Crear | Villager (Male) |
| 2:45 | Crear | Villager (Male) |
| 3:04 | Crear | Villager (Male) |
| 3:44 | Crear | Villager (Male) |
| 4:05 | Crear | Villager (Male) |
| 4:06 | Crear | Villager (Male) |
| 4:09 | Construir | House |
| 4:19 | Construir | Mill |
| 4:22 | Crear | Villager (Male) |
| 4:34 | Crear | Villager (Male) |
| 4:34 | Crear | Villager (Male) |
| 4:35 | Crear | Villager (Male) |
| 5:25 | Crear | Villager (Male) |
| 5:36 | Construir | House |
| 6:41 | Crear | Villager (Male) |
| 7:06 | Investigar | Feudal Age |
| 7:43 | Construir | Barracks |
| 7:53 | Investigar | Loom |
| 7:55 | Construir | House |
| 9:16 | Edad | Edad Feudal |
| 9:17 | Crear | Villager (Male) |
| 9:29 | Construir | Stable |
| 9:55 | Investigar | Double-Bit Axe |
| 9:56 | Crear | Villager (Male) |
| 10:05 | Construir | Farm |
| 10:08 | Crear | Villager (Male) |
| 10:22 | Investigar | Horse Collar |
| 10:25 | Crear | Scout Cavalry |
| 10:25 | Crear | Scout Cavalry |
| 10:32 | Construir | House |
| 10:34 | Crear | Villager (Male) |
| 10:44 | Crear | Villager (Male) |
| 10:53 | Construir | House |
| 10:57 | Crear | Scout Cavalry |
| 11:05 | Construir | Farm |
| 11:32 | Crear | Scout Cavalry |
| 11:52 | Crear | Scout Cavalry |
| 11:55 | Construir | Farm |
| 11:55 | Construir | Farm |
| 11:55 | Construir | Farm |
| 11:56 | Construir | Farm |
| 12:06 | Crear | Scout Cavalry |
| 12:20 | Crear | Villager (Male) |
| 12:20 | Crear | Villager (Male) |
| 12:21 | Crear | Villager (Male) |
| 12:23 | Investigar | Town Watch |
| 12:26 | Crear | Scout Cavalry |
| 13:00 | Crear | Villager (Male) |
| 13:03 | Construir | Blacksmith |
| 13:05 | Construir | Farm |
| 13:10 | Crear | Scout Cavalry |
| 13:18 | Construir | Farm |
| 13:19 | Crear | Villager (Male) |
| 13:19 | Crear | Villager (Male) |
| 13:37 | Construir | Stable |
| 13:41 | Construir | Farm |
| 13:42 | Crear | Villager (Male) |
| 13:43 | Crear | Villager (Male) |
| 14:15 | Crear | Scout Cavalry |
| 14:20 | Crear | Villager (Male) |
| 14:22 | Construir | Farm |
| 14:24 | Construir | Farm |
| 14:28 | Crear | Villager (Male) |
| 14:42 | Construir | Farm |
| 14:55 | Crear | Scout Cavalry |
| 14:56 | Crear | Scout Cavalry |
| 14:59 | Construir | House |
| 15:02 | Construir | Farm |
| 15:33 | Crear | Villager (Male) |
| 15:33 | Crear | Villager (Male) |
| 15:53 | Construir | Farm |
| 15:56 | Construir | Farm |
| 15:57 | Crear | Villager (Male) |
| 15:59 | Crear | Scout Cavalry |
| 15:59 | Crear | Scout Cavalry |
| 16:06 | Construir | Farm |
| 16:20 | Crear | Scout Cavalry |
| 16:23 | Crear | Villager (Male) |
| 16:27 | Construir | Farm |
| 16:29 | Crear | Villager (Male) |
Build order — 马大帅
70 acciones detectadas en el replay
| 0:02 | Crear | Villager (Male) |
| 0:03 | Crear | Villager (Male) |
| 0:03 | Crear | Villager (Male) |
| 0:03 | Crear | Villager (Male) |
| 0:03 | Crear | Villager (Male) |
| 0:03 | Crear | Villager (Male) |
| 0:04 | Construir | House |
| 0:06 | Construir | House |
| 1:29 | Crear | Villager (Male) |
| 1:57 | Construir | Lumber Camp |
| 2:04 | Crear | Villager (Male) |
| 2:04 | Crear | Villager (Male) |
| 2:25 | Crear | Villager (Male) |
| 2:58 | Crear | Villager (Male) |
| 2:59 | Crear | Villager (Male) |
| 3:31 | Crear | Villager (Male) |
| 3:32 | Crear | Villager (Male) |
| 3:57 | Construir | House |
| 4:05 | Crear | Villager (Male) |
| 4:05 | Crear | Villager (Male) |
| 4:05 | Crear | Villager (Male) |
| 4:44 | Construir | House |
| 4:51 | Crear | Villager (Male) |
| 5:11 | Crear | Villager (Male) |
| 5:32 | Construir | Mill |
| 5:38 | Construir | Mill |
| 6:00 | Crear | Villager (Male) |
| 6:00 | Crear | Villager (Male) |
| 6:18 | Crear | Villager (Male) |
| 6:43 | Construir | Palisade Wall |
| 7:33 | Crear | Villager (Male) |
| 7:33 | Crear | Villager (Male) |
| 7:40 | Investigar | Loom |
| 8:13 | Crear | Villager (Male) |
| 8:24 | Crear | Villager (Male) |
| 8:54 | Crear | Villager (Male) |
| 9:21 | Construir | Farm |
| 9:23 | Crear | Villager (Male) |
| 9:40 | Construir | Farm |
| 10:06 | Crear | Villager (Male) |
| 10:14 | Construir | Mining Camp |
| 10:17 | Crear | Villager (Male) |
| 10:20 | Investigar | Feudal Age |
| 11:15 | Construir | Farm |
| 11:18 | Construir | Farm |
| 11:23 | Construir | Farm |
| 11:58 | Construir | Farm |
| 12:16 | Construir | House |
| 12:48 | Edad | Edad Feudal |
| 12:51 | Crear | Villager (Male) |
| 12:59 | Investigar | Double-Bit Axe |
| 13:02 | Investigar | Gold Mining |
| 13:05 | Investigar | Horse Collar |
| 13:09 | Construir | House |
| 13:13 | Crear | Villager (Male) |
| 13:14 | Crear | Villager (Male) |
| 13:27 | Construir | House |
| 13:31 | Construir | Barracks |
| 14:19 | Crear | Villager (Male) |
| 14:21 | Crear | Villager (Male) |
| 14:30 | Construir | Farm |
| 14:36 | Construir | Farm |
| 14:39 | Construir | Farm |
| 14:42 | Construir | Farm |
| 15:02 | Construir | Farm |
| 15:12 | Crear | Villager (Male) |
| 15:18 | Construir | Farm |
| 15:20 | Investigar | Stone Mining |
| 15:33 | Construir | Farm |
| 16:02 | Construir | Farm |
Build order — 人老手不慢
62 acciones detectadas en el replay
| 0:03 | Crear | Villager (Male) ×4 |
| 0:03 | Crear | Villager (Male) ×4 |
| 0:08 | Construir | House |
| 0:11 | Construir | House |
| 1:26 | Crear | Villager (Male) |
| 2:14 | Crear | Villager (Male) |
| 2:15 | Crear | Villager (Male) |
| 2:31 | Crear | Villager (Male) |
| 2:31 | Crear | Villager (Male) |
| 2:54 | Construir | House |
| 3:06 | Crear | Villager (Male) |
| 3:12 | Construir | Mill |
| 3:15 | Crear | Villager (Male) |
| 3:45 | Crear | Villager (Male) |
| 3:45 | Crear | Villager (Male) |
| 4:08 | Crear | Villager (Male) |
| 4:08 | Crear | Villager (Male) |
| 4:50 | Crear | Villager (Male) |
| 4:51 | Crear | Villager (Male) |
| 5:01 | Construir | Lumber Camp |
| 5:06 | Crear | Villager (Male) |
| 5:07 | Crear | Villager (Male) |
| 5:25 | Crear | Villager (Male) |
| 5:25 | Crear | Villager (Male) |
| 5:37 | Crear | Villager (Male) |
| 5:48 | Construir | House |
| 6:15 | Crear | Villager (Male) |
| 6:15 | Crear | Villager (Male) |
| 6:15 | Crear | Villager (Male) |
| 6:25 | Crear | Villager (Male) |
| 6:25 | Crear | Villager (Male) |
| 6:45 | Crear | Villager (Male) |
| 6:46 | Crear | Villager (Male) |
| 7:08 | Construir | Mining Camp |
| 7:29 | Crear | Villager (Male) |
| 7:44 | Crear | Villager (Male) |
| 7:45 | Crear | Villager (Male) |
| 7:50 | Construir | House |
| 7:57 | Construir | Farm |
| 8:43 | Construir | Farm |
| 9:09 | Construir | Farm |
| 9:33 | Construir | Farm |
| 9:54 | Investigar | Feudal Age |
| 10:27 | Construir | Farm |
| 11:26 | Construir | Mill |
| 12:04 | Edad | Edad Feudal |
| 12:10 | Investigar | Castle Age |
| 12:29 | Investigar | Double-Bit Axe |
| 13:02 | Investigar | Horse Collar |
| 13:15 | Construir | House |
| 13:39 | Crear | Villager (Male) |
| 13:39 | Crear | Villager (Male) |
| 13:40 | Crear | Villager (Male) |
| 13:40 | Crear | Villager (Male) |
| 13:42 | Investigar | Wheelbarrow |
| 14:50 | Edad | Edad de los Castillos |
| 14:57 | Construir | Town Center |
| 15:24 | Investigar | Bow Saw |
| 16:10 | Crear | Villager (Male) |
| 16:10 | Crear | Villager (Male) |
| 16:21 | Construir | Town Center |
| 17:17 | Crear | Villager (Male) |
Build order — aWin
67 acciones detectadas en el replay
| 0:04 | Construir | House |
| 0:05 | Construir | House |
| 0:15 | Crear | Villager (Male) |
| 0:16 | Crear | Villager (Male) |
| 0:16 | Crear | Villager (Male) |
| 0:16 | Crear | Villager (Male) |
| 0:17 | Crear | Villager (Male) |
| 0:17 | Crear | Villager (Male) |
| 1:51 | Crear | Villager (Male) |
| 1:51 | Crear | Villager (Male) |
| 2:17 | Crear | Villager (Male) |
| 2:17 | Crear | Villager (Male) |
| 2:17 | Crear | Villager (Male) |
| 2:25 | Construir | Lumber Camp |
| 2:41 | Crear | Villager (Male) |
| 2:41 | Crear | Villager (Male) |
| 4:03 | Crear | Villager (Male) |
| 4:03 | Crear | Villager (Male) |
| 4:07 | Construir | House |
| 4:24 | Crear | Villager (Male) |
| 4:24 | Crear | Villager (Male) |
| 4:43 | Construir | House |
| 4:53 | Crear | Villager (Male) |
| 5:23 | Construir | Mining Camp |
| 5:26 | Crear | Villager (Male) |
| 5:45 | Crear | Villager (Male) |
| 6:03 | Crear | Villager (Male) |
| 6:03 | Crear | Villager (Male) |
| 6:18 | Crear | Villager (Male) |
| 6:35 | Construir | Mill |
| 7:28 | Investigar | Feudal Age |
| 7:29 | Investigar | Feudal Age |
| 9:38 | Edad | Edad Feudal |
| 10:06 | Construir | Market |
| 10:08 | Construir | Blacksmith |
| 10:09 | Construir | House |
| 10:34 | Crear | Villager (Male) |
| 10:35 | Crear | Villager (Male) |
| 11:15 | Crear | Villager (Male) |
| 11:49 | Construir | Farm |
| 11:50 | Construir | Farm |
| 12:03 | Investigar | Castle Age |
| 12:03 | Investigar | Castle Age |
| 12:09 | Construir | House |
| 12:10 | Construir | House |
| 12:33 | Investigar | Double-Bit Axe |
| 12:34 | Investigar | Double-Bit Axe |
| 13:54 | Construir | House |
| 13:57 | Construir | House |
| 14:01 | Construir | House |
| 14:02 | Construir | House |
| 14:07 | Construir | House |
| 14:43 | Edad | Edad de los Castillos |
| 14:44 | Crear | Villager (Male) |
| 14:44 | Crear | Villager (Male) |
| 14:44 | Crear | Villager (Male) |
| 14:50 | Construir | Town Center |
| 14:53 | Crear | Villager (Male) |
| 15:37 | Crear | Villager (Male) |
| 15:37 | Crear | Villager (Male) |
| 15:41 | Crear | Villager (Male) |
| 15:41 | Crear | Villager (Male) |
| 15:41 | Crear | Villager (Male) |
| 15:51 | Construir | Town Center |
| 16:31 | Construir | Siege Workshop |
| 16:34 | Crear | Villager (Male) |
| 16:34 | Crear | Villager (Male) |
Cronología de la partida
| 4:15 | Ilum | Kavu · wall_segment Palisade Wall x1 |
| 5:53 | Ilum | Kavu · wall_segment Palisade Wall x10 |
| 6:23 | Dinospunker · wall_segment Palisade Wall x7 |
| 6:43 | 马大帅 · wall_segment Palisade Wall x46 |
| 6:51 | JU ju Ju · wall_segment Palisade Wall x1 |
| 7:17 | Ilum | Kavu · wall_segment Palisade Wall x16 |
| 7:27 | DevilRunner · first_building Barracks |
| 7:40 | Dinospunker · wall_segment Palisade Wall x4 |
| 7:43 | cgan13289 · first_building Barracks |
| 7:55 | DevilRunner · age_up feudal |
| 8:31 | DevilRunner · first_building Stable |
| 8:36 | Dinospunker · wall_segment Palisade Wall x1 |
| 9:00 | Dinospunker · first_building Barracks |
| 9:02 | JU ju Ju · first_building Barracks |
| 9:16 | cgan13289 · age_up feudal |
| 9:29 | cgan13289 · first_building Stable |
| 9:38 | aWin · age_up feudal |
| 9:57 | Dinospunker · age_up feudal |
| 10:10 | Ilum | Kavu · wall_segment Palisade Wall x14 |
| 10:24 | JU ju Ju · age_up feudal |
| 10:29 | JU ju Ju · first_building Archery Range |
| 10:31 | Dinospunker · first_building Archery Range |
| 11:38 | Ilum | Kavu · first_building Barracks |
| 12:04 | 人老手不慢 · age_up feudal |
| 12:32 | JU ju Ju · wall_segment Palisade Wall x13 |
| 12:48 | 马大帅 · age_up feudal |
| 12:50 | Ilum | Kavu · age_up feudal |
| 12:52 | Ilum | Kavu · first_building Archery Range |
| 13:02 | JU ju Ju · wall_segment Palisade Wall x1 |
| 13:31 | 马大帅 · first_building Barracks |
| 14:13 | Dinospunker · wall_segment Palisade Wall x1 |
| 14:43 | aWin · age_up castle |
| 14:50 | 人老手不慢 · age_up castle |
| 15:14 | Dinospunker · wall_segment Palisade Wall x1 |
| 15:36 | Dinospunker · wall_segment Palisade Wall x1 |
| 16:31 | aWin · first_building Siege Workshop |
| 16:35 | Ilum | Kavu · resign |
[ ANÁLISIS IA · 1 CRÉDITO ]
¿Qué pasó realmente en esta partida?
Wolo.gg analiza cada decisión: build order, eco, micro, errores típicos por bracket. Análisis personalizado por WhatsApp o Discord en 30 segundos.
Guía civ
Britanos
Perfil
JU ju Ju